 Dungeon Crawl Stone Soup version 0.28-a0-883-gc8d7bad45d (webtiles) character file.

Game seed: 2446814921024573105

1824 mcbry74 the Cleaver (level 9, -10/81 HPs)
             Began as a Hill Orc Fighter on Nov 21, 2021.
             Mangled by a large slime creature (36 damage)
             ... on level 5 of the Dungeon.
             The game lasted 00:17:41 (5902 turns).

mcbry74 the Cleaver (Hill Orc Fighter)              Turns: 5902, Time: 00:17:42

Health: -10/81     AC: 10    Str: 22    XL:     9   Next: 11%
Magic:  9/9        EV:  8    Int:  8    God:
Gold:   213        SH: 10    Dex: 10    Spells: 8/8 levels left

rFire   . . .      SeeInvis .   q - +4 hand axe (elec)
rCold   + . .      Faith    .   o - +1 kite shield {rC+}
rNeg    . . .      Spirit   .   v - +4 ring mail
rPois   .          Reflect  .   (no helmet)
rElec   .          Harm     .   (no cloak)
rCorr   .          Rampage  .   (no gloves)
Will    .....                   (no boots)
Stlth   ..........              (no amulet)
HPRegen 0.23/turn               (no ring)
MPRegen 0.11/turn               (no ring)

@: no status effects
A: no striking features
a: no special abilities


You were on level 5 of the Dungeon.
You visited 2 branches of the dungeon, and saw 6 of its levels.
You also visited: Sewer.

You collected 213 gold pieces.

Inventory:

Hand Weapons
 a - a +0 war axe
 q - a +4 hand axe of electrocution (weapon)
Missiles
 f - 9 boomerangs (quivered)
 h - 9 poisoned darts
Armour
 b - a +0 scale mail
 o - a +1 kite shield of cold resistance (worn)
 v - a +4 ring mail (worn)
 y - a +0 ring mail of willpower
Jewellery
 m - a ring of see invisible
Wands
 c - a wand of flame (17)
Scrolls
 e - a scroll of fog
 i - 2 scrolls of amnesia
 j - a scroll of immolation {unknown}
 p - a scroll of noise {unknown}
 s - 3 scrolls of teleportation
 z - a scroll of enchant armour {unknown}
 A - a scroll of fear {unknown}
Potions
 d - 2 potions of might
 g - a potion of cancellation
 k - a potion of brilliance {unknown}
 l - 2 potions of attraction
 n - a potion of haste
 r - 2 potions of berserk rage {unknown}
 t - a potion of mutation {unknown}
 u - 3 potions of resistance {unknown}
 w - a potion of flight {unknown}
 x - a potion of heal wounds {unknown}


   Skills:
 - Level 8.2 Fighting
 + Level 9.9(10.6) Axes
 - Level 4.9(7.3) Maces & Flails
 + Level 6.4 Throwing
 - Level 6.3 Armour
 - Level 6.1 Shields
 - Level 4.5 Evocations


You had 8 spell levels left.
You didn't know any spells.
Your spell library contained the following spells:

 Spells                   Type           Power      Damage    Failure   Level
 Beastly Appendage        Tmut           0%         N/A       91%         1
 Sting                    Tmut/Pois      0%         1d3       91%         1
 Passwall                 Tmut/Erth      0%         N/A       97%         2
 Poisonous Vapours        Pois/Air       0%         N/A       97%         2
 Wereblood                Tmut           0%         N/A       97%         2
 Spider Form              Tmut/Pois      0%         N/A       99%         3
 Swiftness                Air            0%         N/A       99%         3
 Olgreb's Toxic Radiance  Pois           0%         N/A       100%        4


Dungeon Overview and Level Annotations

Branches:
Dungeon (5/15)             Temple (1/1) D:4           Sewer (visited)

Altars:
Ashenzari
Cheibriados
Elyvilon
Fedhas
Gozag
Hepliaklqana
Kikubaaqudgha
Ru
Trog
Uskayaw
Vehumet
Wu Jian
Xom
Yredelemnul
Zin
The Shining One


Message History

The endoplasm hits you.
You hit the endoplasm.
The endoplasm is almost dead.
The endoplasm hits you but does no damage.
You slash the endoplasm!
You kill the endoplasm!
You slash the endoplasm!
You kill the endoplasm!
Two slime creatures merge to form a large slime creature.
You hit the large slime creature.
The large slime creature is lightly wounded.
You slash the large slime creature!
The large slime creature is lightly wounded.
The large slime creature hits you!!
You hit the large slime creature.
The large slime creature is lightly wounded.
The large slime creature completely misses you.
You slash the large slime creature!
Lightning courses through the large slime creature!
The large slime creature is moderately wounded.
You block the large slime creature's attack.
You hit the large slime creature.
The large slime creature is moderately wounded.
You block the large slime creature's attack.
You barely miss the large slime creature.
The large slime creature is moderately wounded.
The large slime creature hits you!
You hit the large slime creature but do no damage.
The large slime creature is moderately wounded.
The large slime creature hits you but does no damage.
You slash the large slime creature!
The large slime creature is moderately wounded.
The large slime creature hits you!
You hit the large slime creature.
The large slime creature is moderately wounded.
The large slime creature hits you.
You slash the large slime creature!
The large slime creature is heavily wounded.
The large slime creature hits you!!!
You die...

.....................####....#
.......##.#########....))....#
....#####.#........#####)....##
...................# ##.....#
.....####....####### ##....#
.....# ###### ########...##
.....# ##########÷.....##...#
..÷.#####......##J.....P######
....#.##.......#@#÷.....#
...)#.'........#.#..JJ.P#
#.#)))'........#.#.....÷#
#.....'......#'#)#..JP..#
#.....##.....#.#.#......#
#.....###....#.#.#J.PJJ.#
#.....#########.##.÷...?#
.......########## ######
.............#############....##


You could see a large slime creature.

Vanquished Creatures
  Pargi (Sewer)
  A sky beast (D:5)
  An ice beast (D:5)
  A centaur (D:5)
  2 kobold brigands
  2 scorpions
  A hound (D:5)
  2 bullfrog zombies (D:5)
  2 iguanas (D:5)
  5 jellies (D:5)
  Jessica (D:3)
  Natasha (thrice) (D:3)
  5 orc wizards
  A killer bee zombie (D:5)
  Robin (D:2)
  4 gnolls (D:5)
  4 adders
  A howler monkey skeleton (D:5)
  2 ufetubi
  A dart slug (D:3)
  10 orcs
  9 endoplasms
  7 giant cockroaches
  10 goblins
  9 hobgoblins
  6 jackals
  12 kobolds
  4 quokkas
  7 ball pythons
  4 bats
  2 frilled lizards
  2 rats (D:2)
123 creatures vanquished.

Vanquished Creatures (others)
  2 fungi (D:5)
  13 toadstools (D:5)
15 creatures vanquished.

Grand Total: 138 creatures vanquished

Notes
Turn   | Place    | Note
-------+----------+-------------------------------------------
     0 | D:1      | mcbry74 the Hill Orc Fighter began the quest for the Orb.
     0 | D:1      | Reached XP level 1. HP: 19/19 MP: 1/1
   292 | D:1      | Reached skill level 3 in Axes
   349 | D:1      | Reached XP level 2. HP: 27/27 MP: 2/2
  1076 | D:2      | Noticed Robin
  1091 | D:2      | Reached skill level 1 in Throwing
  1235 | D:2      | Reached XP level 3. HP: 33/33 MP: 3/3
  1429 | D:2      | Killed Robin
  2123 | D:2      | Reached XP level 4. HP: 41/41 MP: 4/4
  2127 | D:2      | Reached skill level 4 in Axes
  2141 | D:2      | You fall into a shaft and drop 2 floors!
  2239 | D:3      | Found a glowing drain.
  2243 | Sewer    | Entered a sewer
  2499 | Sewer    | Noticed Pargi
  2504 | Sewer    | Killed Pargi
  2505 | Sewer    | Reached skill level 5 in Fighting
  2505 | Sewer    | Reached XP level 5. HP: 44/48 MP: 5/5
  2555 | D:3      | Reached skill level 5 in Axes
  2763 | D:3      | Found an ornate altar of the Wu Jian Council.
  2956 | D:3      | Found a faded altar of an unknown god.
  3032 | D:3      | Noticed Natasha
  3037 | D:3      | Killed Natasha
  3038 | D:3      | Reached XP level 6. HP: 45/56 MP: 6/6
  3274 | D:3      | Noticed Natasha
  3286 | D:3      | Killed Natasha
  3391 | D:3      | Noticed Natasha
  3400 | D:3      | Killed Natasha
  3678 | D:3      | Noticed Jessica
  3680 | D:3      | Killed Jessica
  3879 | D:4      | Found a staircase to the Ecumenical Temple.
  3894 | D:4      | Reached skill level 6 in Axes
  3904 | Temple   | Entered the Ecumenical Temple
  4045 | D:4      | Reached XP level 7. HP: 56/61 MP: 7/7
  4134 | D:4      | Reached skill level 9 in Axes
  4134 | D:4      | Reached skill level 5 in Throwing
  4134 | D:4      | Reached XP level 8. HP: 74/74 MP: 8/8
  4756 | D:5      | Entered Level 5 of the Dungeon
  5719 | D:5      | Reached XP level 9. HP: 65/81 MP: 9/9
  5902 | D:5      | Mangled by a large slime creature

Illustrated notes

Levels and vault maps discovered:
D:1:      psy_arrival_basics, layout_loops_corners, hangedman_decor_points
D:2:      layout_loops_ring, uniq_robin
D:3:      layout_rooms, nzn_wu_jian_contemplation,
          shapermc_ecumenical_altar_acropolis, portal_sewer_entry_a,
          minmay_tree_intersection, minmay_misc_feat_iff,
          kennysheep_generic_room_11, uniq_natasha, uniq_jessica
D:4:      wander_river, layout_gridville, temple_statues
D:5:      cheibrodos_fertilizer, layout_rooms, minmay_pentangle
Temple:   eino_wide_crystal_templ

Skill      XL: |  1  2  3  4  5  6  7  8 |
---------------+-------------------------+-----
Axes           | 3 4 5 6 9 |  9.9
Fighting       | 4 5 8 |  8.2
Throwing       | 1 2 3 5 6 |  6.4
Maces & Flails | 4 |  4.9
Armour         | 6 |  6.3
Shields        | 6 |  6.1
Evocations     | 4 |  4.5

Action                   |  1- 3 |  4- 6 |  7- 9 || total
-------------------------+-------+-------+-------++-------
Melee: War axe           |    95 |       |       ||    95
       Hand axe          |     2 |    80 |   124 ||   206
Throw: Boomerang         |     5 |     7 |     6 ||    18
  Use: Scroll            |       |    11 |     2 ||    13
       Potion            |       |       |     1 ||     1
Armor: Scale mail        |    48 |    37 |     2 ||    87
       Ring mail         |       |       |    27 ||    27
Dodge: Dodged            |    46 |    20 |    33 ||    99
Block: Buckler           |    22 |       |       ||    22
       Kite shield       |     2 |    53 |    38 ||    93

Table legend: (Time is in decaauts)
 A = Elapsed time spent in this place.
 B = Non-inter-level travel time spent in this place.
 C = Inter-level travel time spent in this place.
 D = Time resting spent in this place.
 E = Time spent auto-exploring this place.
 F = Levels seen in this place.
 G = Mean time per level.
                   A        B        C        D        E       F      G
               +--------+--------+--------+--------+--------+-----+--------+
         Total |   5983 |   5839 |    144 |   1313 |   3582 |   7 |  854.7 |
       Dungeon |   5573 |   5433 |    140 |   1313 |   3278 |   5 | 1114.6 |
        Temple |     99 |     95 |      4 |      0 |     47 |   1 |   99.0 |
         Sewer |    310 |    310 |      0 |      0 |    257 |   1 |  310.0 |
               +--------+--------+--------+--------+--------+-----+--------+

Top non-repeatable levels by time:
     D:1: 1405 daAuts
     D:5: 1144 daAuts
     D:3: 1114 daAuts
     D:4: 976 daAuts
     D:2: 933 daAuts
   Sewer: 310 daAuts
  Temple: 99 daAuts
